Map: [ESL] Data-C

Players

Probe - Winner!

  • Race: Protoss Protoss
  • Spawn Location: 3:00

Seither

  • Race: Terran Terran
  • Spawn Location: 9:00

Event: DreamHack SC2 Masters 2022 Atlanta (Online)

VOD

Have the link to the VOD?

Description

Time

  • Played on: Sept. 28, 2022, 6:39 a.m.
  • Length: 9:54

All games in this series

Show
View Real Time Build Order
Export as new Build Order

Probe Protoss - Winner!

Build Orders: 1 Gate Expand 

Get SALT Encoding   

  12  0:00  Probe  
  13  0:12  Probe  
  14  0:17  Pylon  
  14  0:24  Probe (Chrono Boost)  
  15  0:37  Probe (Chrono Boost)  
  15  0:39  Gateway  
  16  0:44  Probe (Chrono Boost)  
  16  0:46  Assimilator  
  17  0:51  Probe  
  18  1:03  Probe  
  19  1:15  Probe  
  20  1:23  Nexus  
  20  1:33  Cybernetics Core  
  20  1:35  Probe  
  21  1:42  Assimilator  
  21  1:47  Probe  
  21  1:50  Pylon  
  22  1:59  Probe  
  23  2:06  Stalker (Chrono Boost)  
  23  2:11  Shield Battery, Probe  
  23  2:13  Warp Gate  
  26  2:24  Probe  
  26  2:26  Stalker (Chrono Boost)  
  29  2:35  Probe  
  29  2:36  Probe  
  31  2:41  Robotics Facility  
  31  2:48  Probe  
  33  2:51  Probe  
  33  2:57  Stalker  
  35  3:00  Probe  
  35  3:03  Probe  
  35  3:04  Pylon  
  37  3:12  Probe  
  38  3:15  Probe  
  39  3:22  Gateway  
  39  3:25  Gateway  
  39  3:26  Probe  
  40  3:27  Probe  
  40  3:29  Observer (Chrono Boost)  
  40  3:33  Shield Battery  
  42  3:38  Probe (Chrono Boost)  
  44  3:42  Observer (Chrono Boost)  
  44  3:45  Probe (Chrono Boost)  
  46  3:49  Probe (Chrono Boost)  
  46  3:53  Probe (Chrono Boost)  
  46  3:54  Probe (Chrono Boost), Assimilator x2  
  48  3:58  Pylon  
  48  4:01  Warp Prism  
  50  4:04  Probe  
  50  4:06  Stalker  
  50  4:08  Probe  
  54  4:16  Probe, Pylon  
  55  4:19  Stalker  
  55  4:20  Probe  
  58  4:28  Probe  
  59  4:33  Probe  
  59  4:40  Probe  
  59  4:45  Observer, Probe  
  61  4:53  Probe  
  61  4:54  Twilight Council  
  61  4:56  Forge  
  61  4:57  Probe  
  61  4:59  Stalker  
  65  5:01  Sentry  
  65  5:02  Sentry  
  70  5:15  Nexus, Pylon  
  70  5:18  Pylon  
  69  5:30  Immortal (Chrono Boost)  
  73  5:36  Charge (Chrono Boost)  
  73  5:37  Probe, Protoss Ground Armor Level 1 (Chrono Boost)  
  73  5:39  Probe  
  73  5:40  Observer  
  74  5:44  Gateway  
  74  5:46  Gateway  
  74  5:51  Probe  
  74  5:56  Templar Archives, Probe  
  76  6:00  Shield Battery  
  76  6:01  Observer  
  76  6:04  Probe  
  77  6:08  Probe  
  78  6:11  Psionic Storm  
  78  6:13  Photon Cannon  
  78  6:16  Probe  
  78  6:17  Pylon x2  
  79  6:26  Probe  
  79  6:28  Gateway  
  79  6:30  Probe  
  81  6:33  High Templar  
  81  6:34  High Templar x2  
  81  6:36  Probe  
  88  6:42  Probe x2  
  90  6:48  Probe  
  90  6:52  Observer, Pylon  
  90  6:53  High Templar  
  93  6:54  Photon Cannon  
  93  6:55  Probe  
  93  6:57  Shield Battery, High Templar  
  97  7:03  Gateway  
  98  7:09  Zealot x2, Gateway  
  98  7:10  Zealot  
  102  7:19  Pylon x2  
  101  7:23  Photon Cannon, High Templar  
  101  7:24  Shield Battery, Probe  
  101  7:26  Shield Battery  
  104  7:32  Zealot x4  
  112  7:37  Immortal  
  114  7:45  Zealot  
  114  7:46  Probe  
  117  7:58  Zealot  
  117  7:59  Zealot x4  
  117  8:00  Probe  
  117  8:05  Probe  
  128  8:08  Probe  
  129  8:15  Stalker x3  
  135  8:21  Forge  
  135  8:23  Archon  
  135  8:24  Pylon  
  133  8:33  High Templar  
  133  8:34  Zealot x3  
  139  8:45  Zealot x4  
  145  8:48  Pylon  
  145  8:49  Pylon x2  
  145  8:50  Pylon  
  145  8:56  Immortal  
  149  9:07  Zealot x6  
  149  9:08  Zealot x2  
Show
View Real Time Build Order
Export as new Build Order

Seither Terran 

Build Orders:  

Get SALT Encoding   

  12  0:00  SCV  
  13  0:12  SCV  
  14  0:17  Supply Depot  
  14  0:24  SCV  
  15  0:39  SCV  
  15  0:40  Barracks  
  16  0:44  Refinery  
  16  0:51  SCV  
  16  0:54  Refinery  
  17  1:03  SCV  
  18  1:15  SCV  
  19  1:27  Reaper  
  19  1:28  Orbital Command  
  19  1:30  Supply Depot  
  20  1:42  Factory  
  20  1:55  SCV  
  20  2:00  Barracks Reactor  
  21  2:07  SCV  
  22  2:19  SCV  
  22  2:22  Command Center  
  23  2:31  SCV  
  23  2:32  Starport  
  23  2:36  Widow Mine  
  26  2:43  Supply Depot  
  26  2:44  SCV  
  27  2:53  Marine x2  
  27  2:58  SCV  
  30  3:04  Widow Mine  
  32  3:10  SCV, Medivac  
  35  3:14  Marine x2  
  37  3:22  SCV  
  37  3:27  Factory Tech Lab  
  37  3:32  Marine x2  
  39  3:51  SCV, Factory Tech Lab  
  39  3:53  Marine x2  
  39  3:55  Raven  
  44  3:58  Barracks, Orbital Command  
  44  4:02  Supply Depot  
  44  4:04  SCV  
  45  4:11  Siege Tank  
  45  4:16  SCV  
  49  4:18  Marine x2  
  51  4:24  Supply Depot  
  51  4:27  SCV  
  51  4:28  SCV  
  51  4:35  Engineering Bay  
  51  4:42  Marine x2  
  51  4:45  SCV x2  
  55  4:47  Supply Depot, Refinery  
  58  4:52  Siege Tank  
  58  4:58  Stimpack  
  58  5:00  Marine x3  
  58  5:03  SCV x2  
  63  5:09  Barracks  
  63  5:19  SCV  
  63  5:20  SCV  
  65  5:23  Bunker, Starport Reactor  
  65  5:24  Terran Infantry Weapons Level 1, Marine  
  65  5:25  Marine  
  66  5:35  SCV x2  
  62  5:47  SCV  
  62  5:48  SCV  
  61  5:50  Marine x2  
  61  5:51  Marine  
  63  5:59  SCV  
  63  6:00  SCV  
  63  6:01  Factory Reactor  
  65  6:06  Combat Shield  
  65  6:07  Marauder  
  67  6:12  SCV x2, Marauder, Marine x2  
  73  6:19  Medivac  
  73  6:22  Refinery  
  73  6:24  SCV  
  78  6:27  SCV  
  77  6:33  Supply Depot x2  
  77  6:34  Liberator  
  77  6:36  SCV  
  77  6:39  SCV  
  82  6:41  Marauder  
  82  6:42  Marauder  
  86  6:48  Supply Depot  
  86  6:50  Concussive Shells  
  86  6:54  SCV x2, Widow Mine, Marine x2  
  92  7:03  Marauder  
  92  7:04  Marauder  
  92  7:06  SCV x2  
  98  7:12  Marine x2  
  100  7:17  Widow Mine x2  
  104  7:27  Medivac, Marauder x2  
  110  7:30  Supply Depot  
  110  7:32  SCV x2, Medivac  
  110  7:34  Supply Depot  
  114  7:40  Terran Infantry Armor Level 1  
  114  7:44  SCV x2  
  114  7:46  Marine x2  
  118  7:51  Widow Mine  
  118  7:52  Widow Mine  
  115  8:02  Command Center  
  115  8:05  SCV  
  115  8:06  SCV  
  115  8:11  Liberator x2  
  120  8:13  Marine x2  
  122  8:20  Marauder x2  
  122  8:24  Widow Mine x2  
  130  8:33  Marine x2  
  132  8:37  Barracks  
  132  8:39  Barracks  
  132  8:47  Marauder  
  133  8:50  Marauder  
  133  9:09  Marine  
  134  9:13  Supply Depot, Marine  
  134  9:14  Supply Depot, SCV x2, Widow Mine x2, Marauder  
  148  9:19  Marauder  
Tags
 
Add a new tag
Caveats
  • Supply blocks, unpowered buildings, or Contaminate may cause inaccurate times.
  • Supply counts are checked every 10 seconds.